[Event "FRA-ch Youth U18 2019"]
[Site "Hyeres"]
[Date "2019.04.14"]
[Round "1.1"]
[White "Travadon, Loic"]
[Black "Petit, Jimmy"]
[Result "1-0"]
[ECO "A08"]
[WhiteElo "2456"]
[BlackElo "1745"]
[Annotator "ChessBase"]
[PlyCount "73"]
[EventDate "2019.04.14"]
[EventType "swiss"]
[EventCountry "FRA"]
[SourceTitle "playchess.com"]
[Source "ChessBase"]
[SourceQuality "1"]
[TimeControl "5400+30"]

1. e4 e6 2. d3 d5 3. Nd2 c5 4. Ngf3 Nc6 5. g3 Nf6 6. Bg2 Bd6 7. O-O O-O 8. Re1 Nd7 9. b3 Qf6 10. Rb1 Nde5 11. Bb2 Nxf3+ 12. Nxf3 d4 13. Nd2 e5 14. Rf1 Qe7 15. f4 f5 16. exf5 Bxf5 17. g4 Bd7 18. f5 Rab8 19. Ne4 Nb4 20. Bc1 h6 21. Bd2 Bc6 22. g5 Bxe4 23. Bxe4 hxg5 24. Qg4 Nxc2 25. Bxg5 Qf7 26. Qg2 Qh5 27. Bf3 Qh7 28. Qxc2 Rxf5 29. Bd5+ Kh8 30. Rxf5 Qxf5 31. Qg2 Rf8 32. Be4 Qe6 33. Kh1 Be7 34. Bxe7 Qxe7 35. Qh3+ Kg8 36. Bd5+ Rf7 37. Rf1 1-0

[Event "FRA-ch Youth U18 2019"]
[Site "Hyeres"]
[Date "2019.04.14"]
[Round "1.2"]
[White "Fastier, Adrien"]
[Black "Lucas, Arthur"]
[Result "0-1"]
[ECO "B61"]
[WhiteElo "1734"]
[BlackElo "2301"]
[Annotator "NA"]
[PlyCount "60"]
[EventDate "2019.04.14"]
[EventType "swiss"]
[EventCountry "FRA"]
[SourceTitle "playchess.com"]
[Source "ChessBase"]
[SourceQuality "1"]
[TimeControl "5400+30"]

1. e4 c5 2. Nf3 Nc6 3. d4 cxd4 4. Nxd4 Nf6 5. Nc3 d6 6. Bg5 Bd7 7. Qd2 Rc8 8. O-O-O Nxd4 9. Qxd4 Qa5 10. Bxf6 gxf6 11. a3 Rg8 12. Qb4 Qxb4 13. axb4 Bg7 14. Nb5 f5 15. f3 a6 16. Nd4 fxe4 17. fxe4 Ba4 18. b3 Bxd4 19. bxa4 Bc3 20. b5 axb5 21. Bxb5+ Kf8 22. g3 Rg4 23. Bd7 Rxe4 24. Rhf1 Rc5 25. Rd3 Re2 26. Rdf3 Bf6 27. Bf5 Rxh2 28. Rb3 Rc4 29. Bd7 Rcxc2+ 30. Kd1 Bg5 0-1

[Event "FRA-ch Youth U18 2019"]
[Site "Hyeres"]
[Date "2019.04.14"]
[Round "1.3"]
[White "Gao, Etienne"]
[Black "Long, Raphael"]
[Result "1-0"]
[ECO "B38"]
[WhiteElo "2286"]
[BlackElo "1733"]
[Annotator "NA"]
[PlyCount "49"]
[EventDate "2019.04.14"]
[EventType "swiss"]
[EventCountry "FRA"]
[SourceTitle "playchess.com"]
[Source "ChessBase"]
[SourceQuality "1"]
[TimeControl "5400+30"]

1. e4 c5 2. Nf3 g6 3. d4 cxd4 4. Nxd4 Bg7 5. c4 Nc6 6. Be3 d6 7. Nc3 Nh6 8. f3 Nxd4 9. Bxd4 O-O 10. Bxg7 Kxg7 11. Qd4+ f6 12. c5 Nf7 13. Rd1 Qa5 14. cxd6 Nxd6 15. Bc4 Rb8 16. Bb3 b6 17. O-O Rd8 18. Kh1 Ba6 19. Rfe1 e5 20. Qf2 Nb5 21. Nd5 Rd7 22. f4 exf4 23. Nxf6 Re7 24. Qxf4 Rf8 25. Nh5+ 1-0

[Event "FRA-ch Youth U18 2019"]
[Site "Hyeres"]
[Date "2019.04.14"]
[Round "1.4"]
[White "Drevet, Florian"]
[Black "Mazzella, Enzo"]
[Result "0-1"]
[ECO "D85"]
[WhiteElo "1707"]
[BlackElo "2249"]
[Annotator "NA"]
[PlyCount "92"]
[EventDate "2019.04.14"]
[EventType "swiss"]
[EventCountry "FRA"]
[SourceTitle "playchess.com"]
[Source "ChessBase"]
[SourceQuality "1"]
[TimeControl "5400+30"]

1. d4 Nf6 2. c4 g6 3. Nc3 d5 4. cxd5 Nxd5 5. Na4 Bg7 6. e4 Nb6 7. Be3 O-O 8. Nf3 Nc6 9. Nc5 e6 10. Bb5 f5 11. Bxc6 bxc6 12. Qb3 f4 13. Nxe6 Bxe6 14. Qxe6+ Kh8 15. Bd2 Re8 16. Qxc6 Qd6 17. Qc2 g5 18. h3 Qg6 19. O-O g4 20. hxg4 Qxg4 21. Qxc7 Rf8 22. Ne5 Qh5 23. Nf3 Rac8 24. Qxa7 Rf6 25. Rfc1 Rg8 26. Rc5 Qe8 27. Re5 Qd8 28. Ba5 Rg6 29. Re7 Qd6 30. Bxb6 Qb4 31. Bc5 Qxb2 32. Rf1 Qe2 33. Rxg7 R6xg7 34. Qxg7+ Rxg7 35. Nh2 Qxe4 36. f3 Qe3+ 37. Kh1 Qe2 38. Rg1 Qxa2 39. Bd6 Rf7 40. Re1 Qa4 41. Ng4 h5 42. Ne5 Rg7 43. Bf8 Rg8 44. Nf7+ Kh7 45. Bc5 Qa2 46. Rg1 Qxf7 0-1

[Event "FRA-ch Youth U18 2019"]
[Site "Hyeres"]
[Date "2019.04.15"]
[Round "2.2"]
[White "Lucas, Arthur"]
[Black "Navrotescu, Vlad-Andrei"]
[Result "0-1"]
[ECO "C01"]
[WhiteElo "2301"]
[BlackElo "1892"]
[Annotator "NA RC"]
[PlyCount "68"]
[EventDate "2019.04.14"]
[EventType "swiss"]
[EventCountry "FRA"]
[SourceTitle "playchess.com"]
[Source "ChessBase"]
[SourceQuality "1"]
[TimeControl "5400+30"]

1. e4 e6 2. d4 d5 3. Bd3 c5 4. exd5 exd5 5. Nf3 Nf6 6. O-O {[%emt 0:03:43] C01: French: Exchange Variation} c4 7. Be2 (7. Re1+ Be7 8. Be2 O-O 9. b3 cxb3 10. axb3 Nc6 11. c3 Re8 12. Nbd2 Bd6 13. Bd3 Bg4 14. Rxe8+ Qxe8 {0-1 (52) Fontaine,R (2563)-Carlsen,M (2834) chess.com INT 2018}) 7... Bd6 8. b3 {[%emt 0:01:27] LiveBook: 12 Games} Qc7 $146 ({Predecessor:} 8... cxb3 $11 9. axb3 O-O 10. c4 Nc6 11. Nc3 Bb4 12. Nxd5 Nxd5 13. cxd5 {0-1 (21) Druska,J (2441)-Matsenko,S (2534) Konya 2017}) 9. bxc4 dxc4 10. Na3 Be6 11. Nb5 Qc6 {[%emt 0:00:28] [#]} (11... Qd7 $16 12. Nxd6+) 12. Nxd6+ (12. d5 $1 $18 {[%mdl 512] is more deadly.} Nxd5 {[#]} (12... Qxd5 13. Nxd6+) 13. Bxc4 $1 ) 12... Qxd6 13. a4 Qc7 14. Ba3 Nc6 15. Ng5 (15. Ne5 $14) 15... Bd5 $1 16. c3 O-O-O 17. Bf3 (17. Nf3 $11 {remains equal.}) 17... h6 18. Bxd5 $4 (18. Nh3 $17) 18... hxg5 ({And not} 18... Rxd5 19. Nf3 $14) 19. h3 Rxd5 20. Qe2 {[%emt 0:01:38] [#]} g4 $1 21. Qxc4 gxh3 22. g3 Rg5 23. Qd3 Nh5 24. Kh2 f5 25. Bc1 f4 26. Rg1 fxg3+ 27. fxg3 {[%emt 0:00:08] [#]} Rxg3 $1 28. Qf5+ Kb8 29. Bf4 Nxf4 30. Kxg3 Ne2+ {[%emt 0:00:35] Double Attack} 31. Kf2 Nxg1 32. Rxg1 Qh2+ 33. Kf1 Re8 $19 (33... Qd2 $142 34. Qf7 {[#]} Nxd4 $1 35. cxd4 Rc8 36. Qf4+ Qxf4+ 37. Ke2 Rc2+ 38. Kd3 Rd2+ 39. Kc4 Qxd4+ {[%mdl 64] Double Attack} 40. Kb5 Rb2+ 41. Ka5 Qe5#) 34. Qf3 Qd2 0-1

[Event "FRA-ch Youth U18 2019"]
[Site "Hyeres"]
[Date "2019.04.15"]
[Round "3.2"]
[White "Gao, Etienne"]
[Black "Weibel, Theo"]
[Result "1-0"]
[ECO "B32"]
[WhiteElo "2286"]
[BlackElo "1981"]
[Annotator "NA"]
[PlyCount "62"]
[EventDate "2019.04.14"]
[EventType "swiss"]
[EventCountry "FRA"]
[SourceTitle "playchess.com"]
[Source "ChessBase"]
[SourceQuality "1"]
[TimeControl "5400+30"]

1. e4 c5 2. Nf3 Nc6 3. d4 cxd4 4. Nxd4 e5 5. Nb5 d6 6. c4 Be7 7. N1c3 a6 8. Na3 Nf6 9. Be2 O-O {[%emt 0:00:36] B32: Sicilian: Löwenthal and Kalashnikov Variations} 10. O-O Be6 11. Nc2 Rc8 12. Qd3 ({Better is} 12. Bd2 $14) (12. Be3 Nb8 13. b3 b5 14. Nb4 bxc4 15. Bxc4 Bxc4 16. bxc4 Rxc4 17. Qb3 Rc8 18. Nbd5 Nxd5 19. Nxd5 Bg5 20. Rac1 Rxc1 21. Rxc1 Nd7 22. Rc6 {½-½ (22) Volokitin,A (2649)-Moiseenko,A (2657) Rivne 2016}) 12... Nd7 ({Black should try} 12... Nd4 $1 $15 13. Nxd4 Bxc4) 13. Be3 Nc5 14. Qd2 g6 $146 ({Predecessor:} 14... f5 15. f3 Nd7 16. exf5 Bxf5 17. Ne4 Nf6 {½-½ (47) Sippl,M (1937)-Woerl,R (1940) Germany 2011}) 15. b4 Nd7 16. Nd5 f5 ({Black should play} 16... Ncb8) 17. Bh6 ({Better is} 17. exf5 $16 Bxf5 18. b5) 17... f4 18. b5 axb5 19. cxb5 Rf7 $18 20. bxc6 bxc6 21. Nxe7+ Qxe7 22. Ba6 Rd8 23. g3 Nc5 24. Nb4 Nxa6 25. Nxa6 c5 26. Rfb1 Qa7 27. Qa5 Ra8 28. Rb6 Bc4 29. Rxd6 Bxa6 30. Rd8+ Rf8 31. Rd6 Rf7 1-0

[Event "FRA-ch Youth U18 2019"]
[Site "Hyeres"]
[Date "2019.04.15"]
[Round "3.3"]
[White "Gault, Emmanuel"]
[Black "Bournel, Antoine"]
[Result "0-1"]
[ECO "A25"]
[WhiteElo "1962"]
[BlackElo "2221"]
[Annotator "NA RC"]
[PlyCount "40"]
[EventDate "2019.04.14"]
[EventType "swiss"]
[EventCountry "FRA"]
[SourceTitle "playchess.com"]
[Source "ChessBase"]
[SourceQuality "1"]
[TimeControl "5400+30"]

1. c4 e5 2. Nc3 Nc6 3. g3 d6 4. Bg2 Be6 5. b3 g6 6. e3 Bg7 7. Nge2 Nge7 8. Bb2 Qd7 9. h4 d5 10. d4 exd4 11. exd4 dxc4 12. Ne4 b6 $17 13. Nf4 O-O-O 14. O-O Nxd4 15. Rc1 Bg4 16. Qd2 Ne2+ 17. Nxe2 Qxd2 18. Nxd2 Bxb2 19. Rc2 Bxe2 20. Re1 c3 0-1

[Event "FRA-ch Youth U18 2019"]
[Site "Hyeres"]
[Date "2019.04.15"]
[Round "3.4"]
[White "Arnaud, Aurelien"]
[Black "Profili, Emilio"]
[Result "1-0"]
[ECO "E02"]
[WhiteElo "2174"]
[BlackElo "1943"]
[Annotator "NA"]
[PlyCount "107"]
[EventDate "2019.04.14"]
[EventType "swiss"]
[EventCountry "FRA"]
[SourceTitle "playchess.com"]
[Source "ChessBase"]
[SourceQuality "1"]
[TimeControl "5400+30"]

1. d4 e6 2. c4 Nf6 3. g3 d5 4. Nf3 dxc4 5. Qa4+ Bd7 6. Qxc4 Bc6 7. Bg2 Nbd7 8. Nc3 Be7 9. O-O O-O 10. Rd1 Nb6 11. Qd3 Na4 12. Nxa4 Bxa4 13. b3 Bc6 14. Bg5 Be4 15. Qe3 Qd5 16. Bxf6 gxf6 17. Nh4 Bxg2 18. Nxg2 Rfd8 $16 19. Nf4 Qf5 20. d5 e5 21. Ng2 Rd7 22. Nh4 Qg4 23. Rac1 b5 24. Qd3 e4 25. Qxb5 Rad8 26. Ng2 c5 27. Qc4 f5 28. Rc2 Bd6 29. Rcd2 Re7 30. e3 h5 31. Qe2 Qg5 32. f4 exf3 33. Qxf3 Rde8 34. Rd3 Re4 35. Kf2 a5 36. Nf4 h4 37. Rg1 Kf8 38. Ng2 hxg3+ 39. hxg3 a4 40. Rh1 c4 41. bxc4 Rxc4 42. Rd2 Ree4 43. Rh5 Bxg3+ 44. Ke2 Qg6 45. Rxf5 Be5 46. d6 Rg4 47. Ne1 Rc8 48. Rxe5 Kg7 49. Re7 Rg5 50. d7 Rh8 51. Qxf7+ Qxf7 52. Rxf7+ Kxf7 53. d8=Q Rxd8 54. Rxd8 1-0

[Event "FRA-ch Youth U18 2019"]
[Site "Hyeres"]
[Date "2019.04.16"]
[Round "4.1"]
[White "Pham, Arthur"]
[Black "Travadon, Loic"]
[Result "0-1"]
[ECO "B50"]
[WhiteElo "2099"]
[BlackElo "2456"]
[Annotator "ChessBase"]
[PlyCount "92"]
[EventDate "2019.04.14"]
[EventType "swiss"]
[EventCountry "FRA"]
[SourceTitle "playchess.com"]
[Source "ChessBase"]
[SourceQuality "1"]
[TimeControl "5400+30"]

1. e4 c5 2. Nf3 d6 3. c3 Nf6 4. h3 Nc6 5. Bd3 d5 6. e5 c4 7. Bc2 Nd7 8. Qe2 Qc7 9. d4 cxd3 10. Qxd3 e6 11. Bf4 Ndxe5 12. Nxe5 Nxe5 13. Qg3 Nc6 14. Qd3 Ne5 15. Qg3 f6 16. Bxe5 Qxe5+ 17. Qxe5 fxe5 18. Nd2 g5 19. Nf3 e4 20. Nxg5 h6 21. Nxe4 dxe4 22. Bxe4 Bc5 23. Rd1 Rf8 24. Rf1 Ke7 25. f4 Bd7 26. Rf3 a5 27. Rd2 Bc6 28. Bxc6 bxc6 29. Re2 Kf6 30. g4 Bd6 31. Re4 Rab8 32. b3 Rb5 33. Rfe3 Re8 34. Rd3 Rd5 35. Rxd5 cxd5 36. Ra4 Bc7 37. Rd4 e5 38. Rxd5 exf4+ 39. Kf2 Re3 40. Rh5 Rxc3 41. Rxh6+ Ke5 42. h4 Ke4 43. Re6+ Be5 44. g5 Rc2+ 45. Ke1 f3 46. g6 f2+ 0-1

[Event "FRA-ch Youth U18 2019"]
[Site "Hyeres"]
[Date "2019.04.16"]
[Round "4.2"]
[White "Derige Kane, Yan"]
[Black "Gao, Etienne"]
[Result "0-1"]
[ECO "A45"]
[WhiteElo "2057"]
[BlackElo "2286"]
[Annotator "NA"]
[PlyCount "88"]
[EventDate "2019.04.14"]
[EventType "swiss"]
[EventCountry "FRA"]
[SourceTitle "playchess.com"]
[Source "ChessBase"]
[SourceQuality "1"]
[TimeControl "5400+30"]

1. d4 Nf6 2. Bg5 Ne4 3. Bf4 c5 4. f3 Qa5+ 5. c3 Nf6 6. d5 e6 7. e4 exd5 8. exd5 d6 9. Na3 Be7 10. Bd3 Nbd7 11. Nc4 Qc7 12. Ne3 Nh5 13. Bg3 Nxg3 14. hxg3 g6 15. Nh3 Kd8 16. O-O Nb6 17. Qe2 Re8 18. Rfe1 Bf6 19. Qf1 h5 20. a4 Bd7 21. a5 Na4 22. Nc4 Rxe1 23. Qxe1 b5 24. axb6 axb6 25. Qd2 b5 26. Qf4 Be7 27. Ne3 c4 28. Bc2 Qc5 29. Kh2 Nb6 30. Rxa8+ Nxa8 31. Ng5 Bxg5 32. Qxg5+ Kc7 33. g4 hxg4 34. Nxg4 Nb6 35. Ne3 f5 36. Kg3 Kc8 37. Kh2 Kc7 38. Kg3 b4 39. cxb4 Qxb4 40. Nd1 Qe1+ 41. Kh2 Nxd5 42. Qxg6 Nb4 43. Nc3 Qe5+ 44. Qg3 Nxc2 0-1

[Event "FRA-ch Youth U18 2019"]
[Site "Hyeres"]
[Date "2019.04.16"]
[Round "4.3"]
[White "Bournel, Antoine"]
[Black "Fournier, Loic"]
[Result "1/2-1/2"]
[ECO "C07"]
[WhiteElo "2221"]
[BlackElo "2024"]
[Annotator "NA"]
[PlyCount "115"]
[EventDate "2019.04.14"]
[EventType "swiss"]
[EventCountry "FRA"]
[SourceTitle "playchess.com"]
[Source "ChessBase"]
[SourceQuality "1"]
[TimeControl "5400+30"]

1. e4 e6 2. d4 d5 3. Nd2 c5 4. exd5 Qxd5 5. Ngf3 cxd4 6. Bc4 Qd6 7. O-O Nf6 8. Nb3 Be7 9. Nbxd4 O-O 10. Qe2 a6 11. c3 Nc6 12. Rd1 Qc7 13. Nxc6 Qxc6 14. Ne5 Qe4 15. Bg5 Qxe2 16. Bxe2 h6 17. Bh4 g5 18. Bg3 Ne4 19. Nd7 Nxg3 20. hxg3 Re8 21. Nb6 Rb8 22. a4 Bc5 23. a5 e5 24. Nd7 Bxd7 25. Rxd7 Re6 26. b4 Ba7 27. Rad1 Kf8 28. R1d6 Rxd6 29. Rxd6 Ke7 30. Rxh6 Rc8 31. c4 Bd4 32. c5 Rc6 33. Rh8 Bc3 34. Rb8 Rc7 35. c6 bxc6 36. Bxa6 Rd7 37. Be2 e4 38. a6 Bd4 39. Bg4 Rc7 40. Bc8 c5 41. b5 c4 42. Bf5 c3 43. Bxe4 c2 44. Bxc2 Rxc2 45. a7 Bxf2+ 46. Kf1 Bxa7 47. Rb7+ Kf6 48. Rxa7 Rb2 49. Rb7 g4 50. b6 Ke6 51. Rb8 Kd7 52. Ke1 Rxg2 53. Rf8 Kc6 54. Rxf7 Kxb6 55. Rf4 Rxg3 56. Kf2 Rf3+ 57. Rxf3 gxf3 58. Kxf3 1/2-1/2

[Event "FRA-ch Youth U18 2019"]
[Site "Hyeres"]
[Date "2019.04.16"]
[Round "4.4"]
[White "Verin, Jules"]
[Black "Arnaud, Aurelien"]
[Result "0-1"]
[ECO "E16"]
[WhiteElo "2015"]
[BlackElo "2174"]
[Annotator "NA"]
[PlyCount "50"]
[EventDate "2019.04.14"]
[EventType "swiss"]
[EventCountry "FRA"]
[SourceTitle "playchess.com"]
[Source "ChessBase"]
[SourceQuality "1"]
[TimeControl "5400+30"]

1. d4 Nf6 2. Nf3 e6 3. c4 b6 4. g3 Bb7 5. Bg2 Bb4+ 6. Bd2 Be7 7. Nc3 O-O 8. O-O d6 9. Qc2 Nbd7 10. e4 e5 11. d5 Nh5 12. Ne1 g6 13. Bh6 Ng7 14. Bh3 Bc8 15. f4 exf4 16. gxf4 Nf6 17. Rf3 Re8 18. Nd3 Ng4 19. Bxg7 Kxg7 20. Qg2 f5 21. Bxg4 fxg4 22. Re3 Bf6 23. Rae1 Bd4 24. e5 Bf5 25. e6 Bxd3 0-1

[Event "FRA-ch Youth U18 2019"]
[Site "Hyeres"]
[Date "2019.04.17"]
[Round "5.1"]
[White "Travadon, Loic"]
[Black "Arnaud, Aurelien"]
[Result "1-0"]
[ECO "A25"]
[WhiteElo "2456"]
[BlackElo "2174"]
[Annotator "RC"]
[PlyCount "123"]
[EventDate "2019.04.14"]
[EventType "swiss"]
[EventCountry "FRA"]
[SourceTitle "playchess.com"]
[Source "ChessBase"]
[SourceQuality "1"]
[TimeControl "5400+30"]

1. c4 e5 2. g3 Nc6 3. Bg2 f5 4. Nc3 Nf6 5. e3 d5 6. Nxd5 Nxd5 7. cxd5 Nb4 8. d3 c6 9. Qb3 Nxd5 10. Nf3 Qe7 11. O-O Be6 12. Qd1 e4 13. Nd4 Bd7 14. dxe4 fxe4 15. Qb3 Rb8 16. Bd2 Qe5 17. Qc2 c5 18. f4 Qe7 19. Nb3 Nf6 20. Bc3 Bb5 21. Bxf6 gxf6 22. Rfd1 Bd3 23. Rxd3 exd3 24. Qxd3 Qd7 25. Qe2 Rd8 26. Na5 Qd3 27. Qh5+ Qg6 28. Qf3 Be7 29. Qxb7 Qd3 30. Qf3 O-O 31. Nc6 Rd7 32. Bh3 Rc7 33. Rd1 Qb5 34. Bd7 Rxc6 35. Bxc6 Qxb2 36. Rd7 Qb1+ 37. Rd1 Qg6 38. f5 Qg5 39. h4 Qg7 40. Rd7 Kh8 41. Bd5 Rd8 42. Rxd8+ Bxd8 43. Be6 h6 44. Kf2 Bc7 45. g4 Be5 46. a4 Qc7 47. Qa8+ Qb8 48. Qc6 Bg3+ 49. Kg2 Bxh4 50. Qf3 Bg5 51. a5 a6 52. Bc4 Qd8 53. Kh3 Qe8 54. Bxa6 Qxe3 55. Qxe3 Bxe3 56. Bc4 Bf4 57. Kg2 Kg7 58. Kf3 Bb8 59. Ke4 Kf8 60. Kd5 Ke7 61. Kc6 Kd8 62. Kb7 1-0

[Event "FRA-ch Youth U18 2019"]
[Site "Hyeres"]
[Date "2019.04.18"]
[Round "6.1"]
[White "Djidjeli, Sofiane"]
[Black "Travadon, Loic"]
[Result "0-1"]
[ECO "C41"]
[WhiteElo "2099"]
[BlackElo "2456"]
[Annotator "ChessBase"]
[PlyCount "118"]
[EventDate "2019.04.14"]
[EventType "swiss"]
[EventCountry "FRA"]
[SourceTitle "playchess.com"]
[Source "ChessBase"]
[SourceQuality "1"]
[TimeControl "5400+30"]

1. e4 e5 2. Nf3 d6 3. d4 exd4 4. Nxd4 Nf6 5. Nc3 Be7 6. Be2 O-O 7. O-O Re8 8. Re1 Bf8 9. Bf1 c6 10. Bg5 Nbd7 11. Qd2 h6 12. Bf4 Ne5 13. Rad1 Ng6 14. Nb3 Nxf4 15. Qxf4 Bd7 16. h3 Qc7 17. Nd4 b5 18. Nf5 Bxf5 19. exf5 Qb6 20. Ne4 Nxe4 21. Rxe4 d5 22. Rxe8 Rxe8 23. Bd3 Qd8 24. c3 Bd6 25. Qd2 Qf6 26. Re1 Rd8 27. Qe3 a6 28. Qb6 c5 29. g3 c4 30. Bb1 Be5 31. Qe3 Bc7 32. b3 Ba5 33. Rc1 Bb6 34. Qf3 Ba5 35. Kg2 d4 36. cxd4 Bd2 37. Rd1 c3 38. d5 Qd4 39. Qe4 Qxd5 40. Qxd5 Rxd5 41. Kf3 Kf8 42. a3 Ke7 43. Bc2 Kd6 44. Ke2 Kc5 45. Kf3 Kd4 46. Rf1 Re5 47. Rd1 a5 48. Rb1 Re8 49. Rd1 Ra8 50. Ra1 Kc5 51. Rb1 b4 52. a4 Kd4 53. Rf1 Re8 54. Rd1 Re5 55. Rb1 Rc5 56. Rd1 Ke5 57. Ke2 Kf6 58. Rb1 Re5+ 59. Kf3 Rxf5+ 0-1

[Event "FRA-ch Youth U18 2019"]
[Site "Hyeres"]
[Date "2019.04.18"]
[Round "6.2"]
[White "Bournel, Antoine"]
[Black "Gao, Etienne"]
[Result "0-1"]
[ECO "B51"]
[WhiteElo "2221"]
[BlackElo "2286"]
[Annotator "NA"]
[PlyCount "102"]
[EventDate "2019.04.14"]
[EventType "swiss"]
[EventCountry "FRA"]
[SourceTitle "playchess.com"]
[Source "ChessBase"]
[SourceQuality "1"]
[TimeControl "5400+30"]

1. e4 c5 2. Nf3 d6 3. Bb5+ Nd7 4. d4 cxd4 5. Qxd4 a6 6. Bxd7+ Bxd7 7. c4 e5 8. Qd3 Rc8 9. Nc3 Qc7 10. b3 b5 11. Nd5 Qc6 12. Nd2 Nf6 13. Nxf6+ gxf6 14. O-O Qb7 15. Ba3 b4 16. Bb2 h5 17. f4 Rg8 18. Rf3 Qb6+ 19. Kh1 Bg4 20. Rff1 h4 21. f5 Bh6 22. Rae1 Ke7 23. Bc1 Qa5 24. Qb1 Bh5 25. Nf3 Bxc1 26. Rxc1 Rg4 27. h3 Rg3 28. Nxh4 Qc5 29. Qc2 Rh8 30. Rce1 Bg4 31. Nf3 Bxf3 32. Rxf3 Rxf3 33. gxf3 Rxh3+ 34. Kg2 Rh5 35. Rh1 Rg5+ 36. Kf1 Qd4 37. Qc1 Rg3 38. Qc2 Qe3 39. Qe2 Rxf3+ 40. Ke1 Qc3+ 41. Qd2 Re3+ 42. Kd1 Rd3 43. Rh2 Qa1+ 44. Kc2 Rxd2+ 45. Rxd2 Qxa2+ 46. Kc1 Qxb3 47. Rc2 Qe3+ 48. Kb2 a5 49. Rc1 a4 50. Rd1 Qc3+ 51. Kb1 a3 0-1

[Event "FRA-ch Youth U18 2019"]
[Site "Hyeres"]
[Date "2019.04.18"]
[Round "6.3"]
[White "Lucas, Arthur"]
[Black "Fournier, Loic"]
[Result "0-1"]
[ECO "C01"]
[WhiteElo "2301"]
[BlackElo "2024"]
[Annotator "NA"]
[PlyCount "86"]
[EventDate "2019.04.14"]
[EventType "swiss"]
[EventCountry "FRA"]
[SourceTitle "playchess.com"]
[Source "ChessBase"]
[SourceQuality "1"]
[TimeControl "5400+30"]

1. e4 e6 2. d4 d5 3. Bd3 c5 4. exd5 Qxd5 5. Nc3 Qd8 6. Nf3 Nf6 7. Be3 cxd4 8. Nxd4 Be7 9. Qf3 O-O 10. O-O-O Nbd7 11. Qg3 Qa5 12. Ndb5 a6 13. Nc7 Nh5 14. Qh3 Qxc7 15. Qxh5 f5 16. Qe2 Ne5 17. Bd4 Nc6 18. Bc4 Nxd4 19. Rxd4 Bf6 20. Bxe6+ Kh8 21. Rc4 Qa5 22. Ra4 Qc5 23. Rc4 Qa5 24. Ra4 Qc5 25. Rc4 Qa5 26. Bxc8 Raxc8 27. Rxc8 Rxc8 28. Qe6 Qc5 29. Re1 h6 30. Qe3 Bg5 31. f4 Qxe3+ 32. Rxe3 Bxf4 33. Kd2 b5 34. Nd1 Bxe3+ 35. Nxe3 g6 36. Kd3 Rd8+ 37. Kc3 h5 38. g3 Kg7 39. b3 Kf6 40. a4 Ke5 41. axb5 axb5 42. h4 f4 43. gxf4+ Kxf4 0-1

[Event "FRA-ch Youth U18 2019"]
[Site "Hyeres"]
[Date "2019.04.18"]
[Round "6.4"]
[White "Mazzella, Enzo"]
[Black "Gault, Emmanuel"]
[Result "1-0"]
[ECO "B27"]
[WhiteElo "2249"]
[BlackElo "1962"]
[Annotator "NA"]
[PlyCount "79"]
[EventDate "2019.04.14"]
[EventType "swiss"]
[EventCountry "FRA"]
[SourceTitle "playchess.com"]
[Source "ChessBase"]
[SourceQuality "1"]
[TimeControl "5400+30"]

1. e4 c5 2. Nc3 g6 3. d4 cxd4 4. Qxd4 Nf6 5. Nf3 Nc6 6. Qa4 d6 7. e5 Ng4 8. exd6 Qxd6 9. h3 Nge5 10. Nxe5 Qxe5+ 11. Be2 Bg7 12. Be3 O-O 13. Rd1 Be6 14. O-O Rfd8 15. Bf3 Nd4 16. Bxb7 Rab8 17. Bd5 Bxd5 18. Bxd4 Qg5 19. Nxd5 Rxd5 20. Qxa7 Rc8 21. Bxg7 Kxg7 22. c3 Rcd8 23. Rxd5 Rxd5 24. Qe3 Qf6 25. Re1 e6 26. b4 Qh4 27. a4 Qc4 28. a5 Rd3 29. Qe4 Qxc3 30. Qe5+ Qxe5 31. Rxe5 Rd1+ 32. Kh2 Ra1 33. Rb5 Kf8 34. Rb6 Ke8 35. a6 Kd8 36. b5 Kc8 37. Rb7 Ra5 38. Rxf7 Rxb5 39. a7 Ra5 40. Rxh7 1-0

[Event "FRA-ch Youth U18 2019"]
[Site "Hyeres"]
[Date "2019.04.19"]
[Round "7.1"]
[White "Travadon, Loic"]
[Black "Gao, Etienne"]
[Result "1/2-1/2"]
[ECO "B23"]
[WhiteElo "2456"]
[BlackElo "2286"]
[Annotator "ChessBase"]
[PlyCount "42"]
[EventDate "2019.04.14"]
[EventType "swiss"]
[EventCountry "FRA"]
[SourceTitle "playchess.com"]
[Source "ChessBase"]
[SourceQuality "1"]
[TimeControl "5400+30"]

1. e4 c5 2. Nc3 d6 3. f4 Nc6 4. Nf3 g6 5. Bb5 Bd7 6. Bc4 e6 7. O-O Nd4 8. f5 Bg7 9. fxe6 Bxe6 10. Bxe6 fxe6 11. e5 dxe5 12. d3 Nf6 13. Bg5 O-O 14. Nxe5 Qc7 15. Ng4 Nxg4 16. Qxg4 Rf5 17. Rxf5 exf5 18. Qh4 Qc6 19. Re1 Re8 20. Rxe8+ Qxe8 21. Kh1 b6 1/2-1/2

[Event "FRA-ch Youth U18 2019"]
[Site "Hyeres"]
[Date "2019.04.19"]
[Round "7.2"]
[White "Derige Kane, Yan"]
[Black "Mazzella, Enzo"]
[Result "1/2-1/2"]
[ECO "D02"]
[WhiteElo "2057"]
[BlackElo "2249"]
[Annotator "NA"]
[PlyCount "122"]
[EventDate "2019.04.14"]
[EventType "swiss"]
[EventCountry "FRA"]
[SourceTitle "playchess.com"]
[Source "ChessBase"]
[SourceQuality "1"]
[TimeControl "5400+30"]

1. d4 Nf6 2. Bg5 c5 3. e3 d5 4. Nf3 Nc6 5. c3 cxd4 6. exd4 h6 7. Bxf6 exf6 8. Bd3 Be6 9. Nbd2 Bd6 10. O-O O-O 11. Re1 Rc8 12. Nh4 Qd7 13. g3 g5 14. Ng2 Ne7 15. Nf1 f5 16. f4 gxf4 17. gxf4 Qc7 18. Qf3 Ng6 19. Ng3 Bxf4 20. Nxf4 Qxf4 21. Qxf4 Nxf4 22. Bxf5 Rce8 23. Rf1 Ne2+ 24. Nxe2 Bxf5 25. Ng3 Bg6 26. Rae1 Rxe1 27. Rxe1 f5 28. Re5 f4 29. Nf1 Re8 30. Rxe8+ Bxe8 31. Nd2 Kf7 32. b3 b5 33. Kf2 Kf6 34. a3 Kf5 35. Kf3 a5 36. Kf2 Bh5 37. Kg2 Bd1 38. Kf2 a4 39. bxa4 Bxa4 40. Nf3 Ke4 41. Ne5 Bb3 42. Ke2 f3+ 43. Kf2 Bd1 44. h3 Be2 45. h4 h5 46. Ng6 Kd3 47. Nf4+ Kxc3 48. Nxd5+ Kxd4 49. Nf4 Kc4 50. Nxh5 Kb3 51. Nf4 Bc4 52. h5 Kxa3 53. h6 Bg8 54. Nd3 Bh7 55. Nc5 Kb4 56. Na6+ Ka5 57. Nc5 Kb6 58. Nb3 Be4 59. Ke3 f2 60. Kxf2 Kc6 61. Nd4+ Kd5 1/2-1/2

[Event "FRA-ch Youth U18 2019"]
[Site "Hyeres"]
[Date "2019.04.19"]
[Round "7.3"]
[White "Fournier, Loic"]
[Black "Arnaud, Aurelien"]
[Result "0-1"]
[ECO "D02"]
[WhiteElo "2024"]
[BlackElo "2174"]
[Annotator "NA"]
[PlyCount "84"]
[EventDate "2019.04.14"]
[EventType "swiss"]
[EventCountry "FRA"]
[SourceTitle "playchess.com"]
[Source "ChessBase"]
[SourceQuality "1"]
[TimeControl "5400+30"]

1. d4 Nf6 2. Nf3 e6 3. Bf4 d5 4. e3 Bd6 5. Bg3 c5 6. c3 Qc7 7. Nbd2 Nbd7 8. Be2 O-O 9. a4 Re8 10. a5 e5 11. O-O b6 12. Bb5 Re7 13. Qa4 e4 14. Nh4 g6 15. axb6 Nxb6 16. Qa3 Bxg3 17. fxg3 Ng4 18. dxc5 Nd7 19. c6 Nb6 20. Qc5 Ne5 21. c4 Be6 22. cxd5 Bxd5 23. Ra6 Rd8 24. Rfa1 Nc8 25. R6a4 f5 26. Rd4 Nb6 27. Nb1 Qd6 28. Qxd6 Rxd6 29. Nc3 Kf7 30. Rad1 Ke6 31. g4 Nxg4 32. Nxd5 Rxd5 33. Bc4 Nxc4 34. Rxd5 Ngxe3 35. Rc5 Nxd1 36. c7 Nd6 37. Rc6 Re8 38. Kf1 Nxb2 39. g4 Kd7 40. Rc2 Nd3 41. Ng2 f4 42. Ra2 Rc8 0-1